 Dungeon Sprint DCSS version 0.26.1-11-gd32895ea62 (webtiles) character file.

Game seed: 14685274724181520067

835 Zeld the Geomancer (level 7, -6/47 HPs)
             Began as a Gargoyle Earth Elementalist on June 12, 2021.
             Was a Believer of Sif Muna.
             Mangled by a fire elemental (12 damage)
             ... summoned by a deep elf mage
             ... in the Dungeon (Sprint V: "Ziggurat Sprint").
             The game lasted 00:01:47 (618 turns).

Zeld the Geomancer (Gargoyle Earth Elementalist)     Turns: 618, Time: 00:01:48

Health: -6/47      AC:  6    Str: 11    XL:     7   Next: 99%
Magic:  10/19      EV: 14    Int: 30    God:    Sif Muna [**....]
Gold:   0          SH:  0    Dex: 10    Spells: 8/23 levels left

rFire    . . .     SeeInvis .   (no weapon)
rCold    . . .     Faith    .   (no shield)
rNeg     + . .     Spirit   .   c - +0 robe
rPois    ∞         Reflect  .   (no helmet)
rElec    +         Harm     .   (no cloak)
rCorr    .         Rampage  .   (no gloves)
Will     .....     NoTele   +   (no boots)
Stlth    +++.......             (no amulet)
HPRegen  0.15/turn              t - +6 ring of intelligence
MPRegen  0.16/turn              u - +6 ring of intelligence

@: very slightly contaminated
A: negative energy resistance 1, electricity resistance, unbreathing,
petrification resistance, miasma immunity, AC +4
a: Renounce Religion, Channel Magic


You were in the Dungeon.
You worshipped Sif Muna.
Sif Muna was pleased with you.
You visited 1 branch

Inventory:

Missiles
 b - 30 stones
Armour
 c - a +0 robe (worn)
Jewellery
 t - a +6 ring of intelligence (left hand)
 u - a +6 ring of intelligence (right hand)
Wands
 w - a wand of disintegration (7)
 y - a wand of acid (7)
Scrolls
 i - 3 scrolls of blinking
 n - 4 scrolls of amnesia
 o - 7 scrolls of fog
 p - a scroll of holy word
 q - 5 scrolls of identify
 r - 5 scrolls of remove curse
 s - 2 scrolls of fear
Potions
 a - 2 potions of brilliance
 d - 9 potions of curing
 e - 9 potions of heal wounds
 f - 6 potions of haste
 g - 7 potions of magic
 h - 3 potions of berserk rage
 j - a potion of invisibility
 k - 4 potions of resistance
 m - 5 potions of might
Miscellaneous
 l - a phial of floods
 v - a lightning rod (4/4)


   Skills:
 + Level 6.7 Fighting
 + Level 5.4 Dodging
 - Level 5.0 Stealth
 * Level 8.5 Spellcasting
 - Level 2.0 Transmutations
 * Level 11.2 Earth Magic
 + Level 6.1 Invocations


You had 8 spell levels left.
You knew the following spells:

 Your Spells              Type           Power        Failure   Level
a - Sandblast             Erth           100%         1%          1
b - Passwall              Tmut/Erth      42%          1%          2
c - Stone Arrow           Conj/Erth      92%          1%          3
d - Petrify               Tmut/Erth      51%          2%          4
e - Lee's Rapid Deconstr  Erth           34%          1%          5

Your spell library contained the following spells:

 Spells                   Type           Power        Failure   Level


Dungeon Overview and Level Annotations

Branches:
Dungeon (1/1)

Altars:
Ashenzari
Cheibriados
Dithmenos
Elyvilon
Fedhas
Gozag
Hepliaklqana
Kikubaaqudgha
Makhleb
Nemelex Xobeh
Okawaru
Qazlal
Ru
Sif Muna
Trog
Uskayaw
Vehumet
Wu Jian
Xom
Yredelemnul
Zin
The Shining One
Beogh
Jiyva
Lugonu

Annotations:
D 1 transporter


Innate Abilities, Weirdness & Mutations

You are resistant to torment.
Your stone body is resilient. (AC +4)
You are immune to poison.
You resist negative energy. (rN+)
You are resistant to electric shocks. (rElec)
You can survive without breathing.
You are immune to petrification.
You are immune to miasma.


Message History

The deep elf mage is moderately wounded.
The now-empty wand crumbles to dust.
Unknown command.
Unknown command.
Unknown command.
You feel better.
The deep elf mage mumbles some strange words.
The deep elf mage conjures a globe of magical energy!
The fire elemental hits you. The fire elemental burns you!
* * * LOW HITPOINT WARNING * * *
A battlesphere comes into view.
Unknown command.
You feel much better. The fire elemental hits you.
The fire elemental burns you! The fire elemental hits you.
The fire elemental burns you!
* * * LOW HITPOINT WARNING * * *
The deep elf mage gestures wildly while chanting.
The deep elf mage blinks!
The fire elemental hits you. The fire elemental burns you!
You die...

▓▓▓▓▓▓▓▓▓▓▓▓▓▓▓▓▓▓▓
▓.8©8@▓.8©8.▓.8©8.▓
▓..|EE▓.).).▓.=...▓
▓..*e○▓..)..▓...[.▓
▓...○e▓.....▓.....▓
▓....e▓.....▓.....▓
▓.....▓.....▓..©..▓
▓..©..▓..©..▓▓▓▓▓▓▓
▓▓▓▓▓▓▓▓▓▓▓▓▓


You could see a deep elf knight (fast), 2 deep elf magi, 2 fire elementals and a
battlesphere.

Vanquished Creatures
  2 yaktaurs (D)
  A water elemental (D)
  A small abomination (D)
  A centaur (D)
  A shadow imp (D)
6 creatures vanquished.

Notes
Turn   | Place    | Note
-------+----------+-------------------------------------------
     0 | D        | Zeld the Gargoyle Earth Elementalist began the quest for
                  | the Orb.
     0 | D        | Reached XP level 1. HP: 10/10 MP: 3/3
     0 | D        | Found a shimmering blue altar of Sif Muna.
     0 | D        | Found a bloodstained altar of Trog.
     0 | D        | Found a sacrificial altar of Ru.
     0 | D        | Found a stormy altar of Qazlal.
     0 | D        | Found an iron altar of Okawaru.
     1 | D        | Found a sparkling altar of Nemelex Xobeh.
     1 | D        | Found a blossoming altar of Fedhas.
     2 | D        | Found the +6 Majin-Bo {vamp, MP+6 Int+6}
     2 | D        | Found the +9 heavy crossbow "Sniper" {vorpal, Acc+∞ SInv}
     2 | D        | Found the +10 dark maul {vorpal}
     2 | D        | Found the +15 Maxwell's patent armour {-Cast -Tele rElec
                  | Will+ rCorr}
     2 | D        | Found the +18 shield of the Gong {rElec rN+ Will+ EV-5}
     2 | D        | Found the cursed +14 obsidian axe {vorpal, +Fly SInv
                  | *Curse}
     2 | D        | Found the +7 great mace "Firestarter" {inner flame, rF++}
     2 | D        | Found the +6 shillelagh "Devastator" {shatter}
     2 | D        | Found the +11 plutonium sword {*Contam Stlth-}
     2 | D        | Found the +8 lance "Wyrmbane" {slay drac, rPois rF+ rC+
                  | AC+3}
     2 | D        | Found the +9 sword of Zonguldrok {reap}
     2 | D        | Found the cursed +13 scythe of Curses {drain, *Curse}
     2 | D        | Found the +5 sword of Power {vorpal}
     2 | D        | Found the +7 mace of Variability {chain chaos}
     2 | D        | Found the +7 Singing Sword {vorpal, sonic wave}
     2 | D        | Found the +8 storm bow {elec, penet}
     3 | D        | Found a transporter.
     3 | D        | Found an ancient bone altar of Kikubaaqudgha.
     3 | D        | Found a viscous altar of Jiyva.
     3 | D        | Found a corrupted altar of Lugonu.
     3 | D        | Found a hazy altar of Hepliaklqana.
     3 | D        | Found a burning altar of Makhleb.
     3 | D        | Found an opulent altar of Gozag.
    39 | D        | Reached skill level 5 in Earth Magic
    39 | D        | Reached XP level 2. HP: 18/18 MP: 3/6
   114 | D        | Became a worshipper of Sif Muna the Loreminder
   193 | D        | Entered arena 2.
   193 | D        | Noticed a small abomination
   193 | D        | Found a transporter.
   195 | D        | Reached skill level 6 in Earth Magic
   196 | D        | Killed a small abomination
   197 | D        | Reached skill level 5 in Spellcasting
   197 | D        | Reached skill level 7 in Earth Magic
   197 | D        | Reached XP level 3. HP: 23/24 MP: 6/9
   197 | D        | Reached XP level 4. HP: 28/29 MP: 7/11
   200 | D        | Learned a level 2 spell: Passwall
   204 | D        | Learned a level 3 spell: Stone Arrow
   209 | D        | Learned a level 4 spell: Petrify
   555 | D        | Entered arena 3.
   555 | D        | Noticed a centaur
   555 | D        | Noticed a yaktaur
   555 | D        | Noticed a yaktaur
   555 | D        | Found a transporter.
   559 | D        | Killed a centaur
   559 | D        | Reached * piety under Sif Muna
   560 | D        | Reached skill level 5 in Stealth
   560 | D        | Reached skill level 8 in Earth Magic
   560 | D        | Reached XP level 5. HP: 34/34 MP: 11/13
   560 | D        | Killed a yaktaur
   560 | D        | Killed a yaktaur
   561 | D        | Reached skill level 5 in Dodging
   561 | D        | Reached skill level 10 in Earth Magic
   561 | D        | Reached skill level 5 in Invocations
   561 | D        | Reached XP level 6. HP: 42/42 MP: 12/17
   561 | D        | Reached XP level 7. HP: 47/47 MP: 12/18
   567 | D        | Learned a level 5 spell: Lee's Rapid Deconstruction
   608 | D        | Entered arena 4.
   608 | D        | Noticed a deep elf mage
   608 | D        | Noticed a deep elf knight
   608 | D        | Noticed a deep elf mage
   608 | D        | Noticed a water elemental
   608 | D        | Found a transporter.
   615 | D        | Killed a water elemental
   615 | D        | Reached ** piety under Sif Muna
   616 | D        | Reached skill level 11 in Earth Magic
   616 | D        | Noticed a fire elemental
   616 | D        | Noticed a fire elemental
   618 | D        | Mangled by a fire elemental

Illustrated notes

Levels and vault maps discovered:
D:        sprint_v [room_start, room_1, room_2, room_3, room_4, room_5, room_6,
          room_7, room_8, room_9, room_10, room_11, room_12, room_13, room_14,
          room_15, room_16, room_17, room_18, room_19, room_20, room_21,
          room_22, room_23, room_24, room_25, room_26, room_27]

Skill      XL: |  1  2  3  4  5  6  7 |
---------------+----------------------+-----
Fighting       | 2 3 4 6 |  6.7
Dodging        | 2 3 5 |  5.4
Stealth        | 3 4 5 |  5.0
Spellcasting   | 3 5 6 8 |  8.5
Transmutations | 2 |  2.0
Earth Magic    | 5 7 8 10 11 | 11.2
Invocations    | 2 3 5 6 |  6.1

Action                   |  1- 3 |  4- 6 |  7- 9 || total
-------------------------+-------+-------+-------++-------
 Cast: Stone Arrow       |       |       |     3 ||     3
Evoke: Lightning rod     |     3 |       |     1 ||     4
       Wand              |       |     4 |     3 ||     7
  Use: Potion            |     1 |     1 |     2 ||     4
       Scroll            |       |       |     1 ||     1
Armor: Robe              |       |       |     5 ||     5
Dodge: Dodged            |     1 |     3 |     2 ||     6
